TOP OF THE 1ST |
University of Virginia Cavaliers batting - Pitching for University of Nebraska Cornhuskers : RHP Greg Huebner
|
Pitching: RHP Greg Huebner
|
|
Batting: RHB Luke Bertrand
|
0-0: Called Strike 0-1: Foul Ball, location: 2F 0-2: Ball 1-2: Fly out, F7 (Flyball, 78M, EV 87.5 MPH)
|
Batting: RHB Jose Velez
|
0-0: Ball 1-0: Ball 2-0: Ball 3-0: Called Strike 3-1: Base on Balls
|
Batting: RHB Pedro Lopez
|
0-0: Ball 1-0: Fielders Choice at 2nd, 2-4 (Groundball, 2L, EV 70.0 MPH)
|
Batting: LHB Alex Aguilar
|
0-0: Ball 1-0: Ball 2-0: Ball 3-0: Base on Balls Pedro Lopez to second
|
Batting: RHB Jason Lambert
|
0-0: Swinging Strike 0-1: Ground out U3 (Groundball, 34S, EV 86.9 MPH)
|
Top of the 1st over - 0 runs, 0 hits, 0 errors, 2 left on base; University of Virginia 0 - University of Nebraska 0 |
BOTTOM OF THE 1ST |
University of Nebraska Cornhuskers batting - Pitching for University of Virginia Cavaliers : RHP Jayden Currie
|
Pitching: RHP Jayden Currie
|
|
Batting: SHB Gary Luckwell
|
0-0: Called Strike 0-1: Called Strike 0-2: Ball 1-2: Ball 2-2: Strikes out swinging
|
Batting: RHB Jeremy Weaver
|
0-0: Ball 1-0: Called Strike 1-1: Swinging Strike 1-2: Foul Ball, location: 2F 1-2: Foul Ball, location: 2F 1-2: Ball 2-2: Ball 3-2: Strikes out swinging
|
Batting: RHB Zion Jones
|
0-0: Ball 1-0: Foul Ball, location: 2F 1-1: Ball 2-1: Called Strike 2-2: Fly out, F8 (Line Drive, 8RD, EV 101.2 MPH)
|
Bottom of the 1st over - 0 runs, 0 hits, 0 errors, 0 left on base; University of Virginia 0 - University of Nebraska 0 |
TOP OF THE 2ND |
University of Virginia Cavaliers batting - Pitching for University of Nebraska Cornhuskers : RHP Greg Huebner
|
Batting: LHB Josh Glass
|
0-0: Foul Ball, location: 2F 0-1: Ball 1-1: Foul Ball, location: 2F 1-2: Ball 2-2: Ball 3-2: SOLO HOME RUN (Flyball, 9D, EV 101.9 MPH), Distance : 378 ft
|
Batting: RHB Alex Ruschin
|
0-0: Foul Ball, location: 2F 0-1: Swinging Strike 0-2: Ball 1-2: Ball 2-2: Foul Ball, location: 2F 2-2: Foul Ball, location: 2F 2-2: Strikes out swinging
|
Pitching: RHP Joe Hunter
|
|
Batting: LHB Ray Nichter
|
0-0: Swinging Strike 0-1: Ball 1-1: Called Strike 1-2: Strikes out swinging
|
Batting: SHB Ethan Lewis
|
0-0: Fly out, F9 (Flyball, 9LS, EV 83.1 MPH)
|
Top of the 2nd over - 1 run, 1 hit, 0 errors, 0 left on base; University of Virginia 1 - University of Nebraska 0 |
BOTTOM OF THE 2ND |
University of Nebraska Cornhuskers batting - Pitching for University of Virginia Cavaliers : RHP Jayden Currie
|
Batting: RHB Chris Anthony
|
0-0: Ground out 3-1 (Groundball, 13, EV 83.8 MPH)
|
Batting: RHB Salvador Guillen
|
0-0: Foul Ball, location: 2F 0-1: Ground out 4-3 (Groundball, 4, EV 83.1 MPH)
|
Batting: RHB Aidan Collet
|
0-0: Ball 1-0: Called Strike 1-1: Foul Ball, location: 2F 1-2: Ball 2-2: Fly out, F7 (Flyball, 78S, EV 80.6 MPH)
|
Bottom of the 2nd over - 0 runs, 0 hits, 0 errors, 0 left on base; University of Virginia 1 - University of Nebraska 0 |
TOP OF THE 3RD |
University of Virginia Cavaliers batting - Pitching for University of Nebraska Cornhuskers : RHP Joe Hunter
|
Batting: RHB Luke Bertrand
|
0-0: Ball 1-0: Hit by Pitch
|
Batting: RHB Jose Velez
|
0-0: Ball Luke Bertrand is caught stealing 2nd base 2-4 1-0: Ball 2-0: Called Strike 2-1: Foul Ball, location: 2F 2-2: Strikes out swinging
|
Batting: RHB Pedro Lopez
|
0-0: Ball 1-0: Ground out 5-3 (Groundball, 56S, EV 80.0 MPH)
|
Top of the 3rd over - 0 runs, 0 hits, 0 errors, 0 left on base; University of Virginia 1 - University of Nebraska 0 |
BOTTOM OF THE 3RD |
University of Nebraska Cornhuskers batting - Pitching for University of Virginia Cavaliers : RHP Jayden Currie
|
Batting: RHB Jason Blakeley
|
0-0: Ball 1-0: Foul Ball, location: 2F 1-1: Called Strike 1-2: Ground out 5-3 (Groundball, 56S, EV 83.1 MPH)
|
Batting: RHB Tariq Garane
|
0-0: Foul Ball, location: 2F 0-1: Called Strike 0-2: Ball 1-2: Strikes out swinging
|
Batting: RHB Will England
|
0-0: Foul Ball, location: 2F 0-1: Called Strike 0-2: Ball 1-2: Foul Ball, location: 2F 1-2: Ball 2-2: Ground out 3-1 (Groundball, 34, EV 85.0 MPH)
|
Bottom of the 3rd over - 0 runs, 0 hits, 0 errors, 0 left on base; University of Virginia 1 - University of Nebraska 0 |
TOP OF THE 4TH |
University of Virginia Cavaliers batting - Pitching for University of Nebraska Cornhuskers : RHP Joe Hunter
|
Batting: LHB Alex Aguilar
|
0-0: Called Strike 0-1: Ball 1-1: Foul Ball, location: 2F 1-2: Strikes out swinging
|
Batting: RHB Jason Lambert
|
0-0: Ball 1-0: Called Strike 1-1: Swinging Strike 1-2: Strikes out swinging
|
Batting: LHB Josh Glass
|
0-0: Foul Ball, location: 2F 0-1: Ball 1-1: Foul Ball, location: 2F 1-2: Ball 2-2: Foul Ball, location: 2F 2-2: Ball 3-2: Hit by Pitch
|
Batting: RHB Alex Ruschin
|
0-0: Foul Ball, location: 2F 0-1: Ball 1-1: Swinging Strike 1-2: DOUBLE (Line Drive, 8LXD, EV 106.9 MPH) Josh Glass to third Runner from 3rd tries for Home, SAFE, throw by CF to trailing runner, SAFE at third!
|
Batting: LHB Ray Nichter
|
0-0: Called Strike 0-1: Foul Ball, location: 2F 0-2: Foul Ball, location: 2F 0-2: Ball 1-2: Ball 2-2: Strikes out swinging
|
Top of the 4th over - 1 run, 1 hit, 0 errors, 1 left on base; University of Virginia 2 - University of Nebraska 0 |
BOTTOM OF THE 4TH |
University of Nebraska Cornhuskers batting - Pitching for University of Virginia Cavaliers : RHP Jayden Currie
|
Batting: SHB Gary Luckwell
|
0-0: Called Strike 0-1: Swinging Strike 0-2: Ball 1-2: Strikes out looking
|
Batting: RHB Jeremy Weaver
|
0-0: Called Strike 0-1: Called Strike 0-2: Strikes out swinging
|
Batting: RHB Zion Jones
|
0-0: Called Strike 0-1: Swinging Strike 0-2: Ball 1-2: Ball 2-2: Ball 3-2: Base on Balls
|
Pitching: RHP Andy Corrales
|
|
Batting: RHB Chris Anthony
|
0-0: Foul Ball, location: 2F 0-1: Foul Ball, location: 2F 0-2: Foul Ball, location: 2F 0-2: Foul Ball, location: 2F 0-2: SINGLE (Groundball, 56D, EV 109.4 MPH) Zion Jones to second Zion Jones to third
|
Batting: RHB Salvador Guillen
|
0-0: Ball 1-0: Ball 2-0: Called Strike 2-1: SINGLE (Groundball, 4M, EV 97.5 MPH) Zion Jones scores Chris Anthony to second Runner from 2nd tries for 3rd, SAFE, throw by CF made to third
|
Batting: RHB Aidan Collet
|
0-0: Called Strike 0-1: Called Strike 0-2: Strikes out swinging
|
Bottom of the 4th over - 1 run, 2 hits, 0 errors, 2 left on base; University of Virginia 2 - University of Nebraska 1 |
TOP OF THE 5TH |
University of Virginia Cavaliers batting - Pitching for University of Nebraska Cornhuskers : RHP Joe Hunter
|
Batting: SHB Ethan Lewis
|
0-0: Ball 1-0: Called Strike 1-1: Fly out, F8 (Line Drive, 8RD, EV 91.9 MPH)
|
Batting: RHB Luke Bertrand
|
0-0: Ball 1-0: TRIPLE (Flyball, 8RXD, EV 103.8 MPH)
|
Batting: RHB Jose Velez
|
0-0: Called Strike 0-1: Ball 1-1: Swinging Strike 1-2: Fly out, F9 (Flyball, 9S, EV 88.8 MPH)
|
Batting: RHB Pedro Lopez
|
0-0: Called Strike 0-1: Ball 1-1: Swinging Strike 1-2: Strikes out swinging
|
Top of the 5th over - 0 runs, 1 hit, 0 errors, 1 left on base; University of Virginia 2 - University of Nebraska 1 |
BOTTOM OF THE 5TH |
University of Nebraska Cornhuskers batting - Pitching for University of Virginia Cavaliers : RHP Andy Corrales
|
Batting: RHB Jason Blakeley
|
0-0: Ball 1-0: Called Strike 1-1: Fly out, F9 (Flyball, 9LD, EV 110.6 MPH)
|
Batting: RHB Tariq Garane
|
0-0: Foul Ball, location: 2F 0-1: Ball 1-1: Called Strike 1-2: SINGLE (Groundball, 56D, EV 101.2 MPH)
|
Batting: RHB Will England
|
0-0: Called Strike 0-1: Called Strike Tariq Garane is caught stealing 2nd base 2-4 0-2: Fly out, F4 (Line Drive, 4M, EV 76.2 MPH)
|
Bottom of the 5th over - 0 runs, 1 hit, 0 errors, 0 left on base; University of Virginia 2 - University of Nebraska 1 |
TOP OF THE 6TH |
University of Virginia Cavaliers batting - Pitching for University of Nebraska Cornhuskers : RHP Joe Hunter
|
Pitching: LHP Sergio Laureano
|
|
Batting: LHB Alex Aguilar
|
0-0: Foul Ball, location: 2F 0-1: Ball 1-1: Ball 2-1: Called Strike 2-2: Ball 3-2: Base on Balls
|
Batting: RHB Jason Lambert
|
0-0: Swinging Strike 0-1: Foul Ball, location: 2F 0-2: Ball 1-2: Strikes out swinging
|
Batting: LHB Josh Glass
|
0-0: Ball 1-0: Ball 2-0: Foul Ball, location: 2F 2-1: Ball 3-1: Foul Ball, location: 2F 3-2: Strikes out swinging
|
Batting: RHB Alex Ruschin
|
0-0: Foul Ball, location: 2F 0-1: Ball 1-1: Ball 2-1: Ball 3-1: Base on Balls Alex Aguilar to second
|
Batting: LHB Ray Nichter
|
0-0: Foul Ball, location: 2F 0-1: Foul Ball, location: 2F 0-2: Strikes out swinging
|
Top of the 6th over - 0 runs, 0 hits, 0 errors, 2 left on base; University of Virginia 2 - University of Nebraska 1 |
BOTTOM OF THE 6TH |
University of Nebraska Cornhuskers batting - Pitching for University of Virginia Cavaliers : RHP Andy Corrales
|
Batting: SHB Gary Luckwell
|
0-0: Ball 1-0: Ground out U3 (Groundball, 3, EV 102.5 MPH)
|
Batting: RHB Jeremy Weaver
|
0-0: Called Strike 0-1: Ground out 6-3 (Groundball, 6, EV 103.8 MPH)
|
Batting: RHB Zion Jones
|
0-0: Ball 1-0: Ball 2-0: Ball 3-0: Called Strike 3-1: Base on Balls
|
Batting: RHB Chris Anthony
|
0-0: Called Strike Zion Jones steals 2nd base 0-1: Foul Ball, location: 2F 0-2: Ball 1-2: Ball 2-2: TRIPLE (Flyball, 89XD, EV 95.0 MPH) Zion Jones scores
|
Pitching: RHP Tofik Javakhov
|
|
Batting: RHB Salvador Guillen
|
0-0: Ball 1-0: Ball 2-0: Ball 3-0: Base on Balls
|
Batting: RHB Aidan Collet
|
0-0: Fly out, F4 (Popup, 4, EV 46.2 MPH)
|
Bottom of the 6th over - 1 run, 1 hit, 0 errors, 2 left on base; University of Virginia 2 - University of Nebraska 2 |
TOP OF THE 7TH |
University of Virginia Cavaliers batting - Pitching for University of Nebraska Cornhuskers : LHP Sergio Laureano
|
Pitching: LHP Nate Wood
|
|
Batting: SHB Ethan Lewis
|
0-0: Ball 1-0: Ball 2-0: Foul Ball, location: 2F 2-1: SINGLE (Groundball, 56, EV 98.8 MPH)
|
Batting: RHB Luke Bertrand
|
0-0: Ball 1-0: Called Strike 1-1: Ball 2-1: SINGLE (Groundball, 6MD, EV 105.0 MPH) Ethan Lewis to second Runner from 2nd tries for 3rd, SAFE, throw by CF made to third
|
Batting: RHB Jose Velez
|
0-0: Ball 1-0: Foul Ball, location: 2F 1-1: Ball 2-1: Ball 3-1: Foul Ball, location: 2F 3-2: Strikes out looking
|
Batting: RHB Pedro Lopez
|
0-0: Called Strike 0-1: Ball 1-1: Ball 2-1: Ball 3-1: Fly out, F8 (Flyball, 8LXD, EV 92.5 MPH) Runner from 3rd tags up, SCORES, no throw by CF
|
Batting: LHB Alex Aguilar
|
0-0: Called Strike Luke Bertrand is caught stealing 2nd base 2-6
|
Top of the 7th over - 1 run, 2 hits, 0 errors, 0 left on base; University of Virginia 3 - University of Nebraska 2 |
BOTTOM OF THE 7TH |
University of Nebraska Cornhuskers batting - Pitching for University of Virginia Cavaliers : RHP Tofik Javakhov
|
Batting: RHB Jason Blakeley
|
0-0: Ball 1-0: Ball 2-0: Ball 3-0: Base on Balls
|
Batting: RHB Tariq Garane
|
0-0: Ball 1-0: SINGLE (Flyball, 8LS, EV 95.0 MPH) Jason Blakeley to second Runner from 2nd tries for 3rd, SAFE, no throw by CF
|
Batting: RHB Will England
|
0-0: Foul Ball, location: 2F 0-1: Ball 1-1: Foul Ball, location: 2F 1-2: Ball 2-2: Strikes out swinging
|
Batting: SHB Gary Luckwell
|
0-0: Ball 1-0: Reached on error, E2 (Groundball, 13S, EV 69.4 MPH) Jason Blakeley scores Tariq Garane to second
|
Batting: RHB Jeremy Weaver
|
0-0: Foul Ball, location: 2F 0-1: Ball 1-1: Foul Ball, location: 2F 1-2: Foul Ball, location: 2F 1-2: Ball 2-2: Strikes out swinging
|
Batting: RHB Zion Jones
|
0-0: Foul Ball, location: 2F 0-1: Ground out U3 (Groundball, 3, EV 83.8 MPH)
|
Bottom of the 7th over - 1 run, 1 hit, 1 error, 2 left on base; University of Virginia 3 - University of Nebraska 3 |
TOP OF THE 8TH |
University of Virginia Cavaliers batting - Pitching for University of Nebraska Cornhuskers : LHP Nate Wood
|
Pitching: RHP Antonino Charno
|
|
Batting: LHB Alex Aguilar
|
0-0: Fly out, F7 (Line Drive, 78M, EV 100.0 MPH)
|
Batting: RHB Jason Lambert
|
0-0: Called Strike 0-1: Ball 1-1: Ball 2-1: Ball 3-1: Base on Balls
|
Batting: LHB Josh Glass
|
0-0: Ball 1-0: Swinging Strike 1-1: Grounds into double play, 4-6-3 (Groundball, 4, EV 103.1 MPH)
|
Top of the 8th over - 0 runs, 0 hits, 0 errors, 0 left on base; University of Virginia 3 - University of Nebraska 3 |
BOTTOM OF THE 8TH |
University of Nebraska Cornhuskers batting - Pitching for University of Virginia Cavaliers : RHP Tofik Javakhov
|
Batting: RHB Chris Anthony
|
0-0: Fly out, F8 (Flyball, 8RM, EV 83.8 MPH)
|
Batting: RHB Salvador Guillen
|
0-0: Called Strike 0-1: Foul Ball, location: 2F 0-2: Ground out 4-3 (Groundball, 34, EV 81.9 MPH)
|
Batting: RHB Aidan Collet
|
0-0: Ground out 5-3 (Groundball, 56, EV 101.9 MPH)
|
Bottom of the 8th over - 0 runs, 0 hits, 0 errors, 0 left on base; University of Virginia 3 - University of Nebraska 3 |
TOP OF THE 9TH |
University of Virginia Cavaliers batting - Pitching for University of Nebraska Cornhuskers : RHP Antonino Charno
|
Pinch Hitting: RHB Allen McCaskill
|
0-0: Ball 1-0: Foul Ball, location: 2F 1-1: Called Strike 1-2: SINGLE (Groundball, 6, EV 94.4 MPH)
|
Batting: LHB Ray Nichter
|
0-0: Bunt missed! 0-1: Bunt missed! 0-2: Ball 1-2: Ball 2-2: Ball 3-2: Base on Balls Allen McCaskill to second
|
Batting: SHB Ethan Lewis
|
0-0: Bunted foul 0-1: Sac Bunt to 5S - play at first, batter OUT! 5-4 Allen McCaskill to third Ray Nichter to second
|
Batting: RHB Luke Bertrand
|
0-0: Ball 1-0: Ball 2-0: Called Strike 2-1: Ball 3-1: SINGLE (Flyball, 8RS, EV 91.9 MPH) Allen McCaskill scores Ray Nichter to third
|
Batting: RHB Jose Velez
|
0-0: Foul Ball, location: 2F 0-1: Fielders Choice at 2nd, 6-4 (Groundball, 6, EV 83.8 MPH) Ray Nichter scores
|
Batting: RHB Pedro Lopez
|
0-0: Ball Jose Velez is caught stealing 2nd base 2-4
|
Top of the 9th over - 2 runs, 2 hits, 0 errors, 0 left on base; University of Virginia 5 - University of Nebraska 3 |
BOTTOM OF THE 9TH |
University of Nebraska Cornhuskers batting - Pitching for University of Virginia Cavaliers : RHP Tofik Javakhov
|
Pitching: RHP Vince Connell
|
|
Now at 2B: Jason Thresher
|
|
Now at 3B: Allen McCaskill
|
|
Batting: RHB Jason Blakeley
|
0-0: Foul Ball, location: 2F 0-1: Ball 1-1: Ground out 5-3 (Groundball, 56, EV 87.5 MPH)
|
Batting: RHB Tariq Garane
|
0-0: Swinging Strike 0-1: Ball 1-1: Ground out 4-3 (Groundball, 4, EV 85.6 MPH)
|
Batting: RHB Will England
|
0-0: Called Strike 0-1: SINGLE (Line Drive, 34D, EV 105.6 MPH)
|
Batting: SHB Gary Luckwell
|
0-0: Ball 1-0: Swinging Strike 1-1: Ball 2-1: Ball 3-1: Fly out, F8 (Flyball, 8LXD, EV 103.1 MPH)
|
Bottom of the 9th over - 0 runs, 1 hit, 0 errors, 1 left on base; University of Virginia 5 - University of Nebraska 3 |
|